 Dungeon Crawl Stone Soup version 0.23.1-38-g628c18f (webtiles) character file.

Game seed: 12937559578214290079

25954 prey the Unseen (level 12, -4/54 HPs)
             Began as a Spriggan Enchanter on Mar 28, 2019.
             Was a High Priest of Dithmenos.
             Slain by a minotaur
             ... wielding a +1 hand axe of venom
              (32 damage)
             ... in a Gauntlet.
             The game lasted 02:03:08 (19828 turns).

prey the Unseen (Spriggan Enchanter)               Turns: 19828, Time: 02:03:09

Health: -4/54      AC:  7    Str:  5    XL:     12   Next: 94%
Magic:  13/28      EV: 29    Int: 20    God:    Dithmenos [*****.]
Gold:   541        SH:  0    Dex: 17    Spells: 22/34 levels left

rFire    . . .     SeeInvis +   a - +2 dagger (venom)
rCold    . . .     Gourm    .   (shield restricted)
rNeg     + . .     Faith    .   A - +1 robe of Jeugekhla {rN+}
rPois    +         Spirit   .   J - +2 hat {MR+}
rElec    .         Reflect  .   k - +1 cloak
rCorr    .         Harm     .   (gloves unavailable)
MR       +++..     NoTele   +   (boots unavailable)
Stlth    +++++++++.             (no amulet)
HPRegen  0.18/turn              v - ring of poison resistance
MPRegen  0.21/turn              b - +4 ring of slaying

@: wreathed by umbra, very quick
A: very small, unfitting armour, see invisible, herbivore, speed 3, slow
metabolism 2
a: Shadow Step, Shadow Form, Renounce Religion


You were in a Gauntlet.
You worshipped Dithmenos.
Dithmenos was extremely pleased with you.
You were hungry.

You visited 3 branches of the dungeon, and saw 15 of its levels.
You also visited: Sewer and Gauntlet.

You collected 845 gold pieces.
You spent 304 gold pieces at shops.

Inventory:

Hand Weapons
 a - a +2 dagger of venom (weapon)
 q - a +2 hunting sling of flaming
 H - the +7 whip of Certain Death {protect, +Inv Int+4, unknown}
   (You found it on level 8 of the Dungeon)

   It protects the one who uses it against injury (+AC on strike).
   It affects your intelligence (+4).
   It lets you turn invisible.
 M - a +2 scimitar of flaming
Missiles
 n - 279 stones (quivered)
 o - 40 sling bullets
 D - 3 steel tomahawks
Armour
 f - a +0 robe of cold resistance
 k - a +1 cloak (worn)
 A - the +1 robe of Jeugekhla (worn) {rN+}
   (You bought it in a shop on level 5 of the Dungeon)

   It protects you from negative energy.
 J - a +2 hat of magic resistance (worn)
 O - a +2 robe of magic resistance
Magical Staves
 C - an uncursed staff of wizardry {unknown}
 I - an uncursed staff of death {unknown}
Jewellery
 b - a +4 ring of slaying (right hand)
 v - a ring of poison resistance (left hand)
 K - an uncursed ring of protection from fire {unknown}
Wands
 t - a wand of flame (48)
 x - a wand of random effects (20)
 y - a wand of polymorph (16)
 E - a wand of paralysis (5)
Scrolls
 c - 6 scrolls of teleportation
 g - a scroll of remove curse
 h - 4 scrolls of blinking
 i - 3 scrolls of identify
 l - 6 scrolls of enchant weapon
 u - 2 scrolls of fog
 B - 3 scrolls of magic mapping
 L - a scroll of immolation
 N - a scroll of amnesia
Potions
 e - 6 potions of curing
 j - a potion of cancellation
 m - 6 potions of haste
 p - a potion of berserk rage
 r - 3 potions of resistance
 s - 2 potions of agility
 w - 3 potions of might
 z - 3 potions of brilliance
 F - 3 potions of mutation
Comestibles
 d - 15 rations


   Skills:
 - Level 2.0 Fighting
 + Level 5.5 Short Blades
 - Level 6.0 Slings
 * Level 13.0 Dodging
 * Level 15.1 Stealth
 + Level 11.7 Spellcasting
 - Level 2.3 Conjurations
 * Level 10.0 Hexes
   Level 3.0 Charms
   Level 3.0 Translocations
   Level 2.7 Transmutations
 - Level 2.0 Ice Magic
 - Level 5.0 Evocations


You had 22 spell levels left.
You knew the following spells:

 Your Spells              Type           Power        Failure   Level  Hunger
a - Corona                Hex            ######.      1%          1    None
b - Ensorcelled Hibernat  Hex/Ice        #####.       1%          2    None
c - Dazzling Spray        Conj/Hex       #####.       1%          3    None
d - Confuse               Hex            ######..     1%          3    None
e - Tukima's Dance        Hex            ######..     1%          3    None

Your spell library contained the following spells:

 Spells                   Type           Power        Failure   Level  Hunger
 Beastly Appendage        Tmut           ###...       1%          1    None
 Sticks to Snakes         Tmut           ###.....     3%          2    None
 Swiftness                Chrm/Air       ###.....     4%          2    None
 Static Discharge         Conj/Air       ###.....     11%         3    None
 Petrify                  Tmut/Erth      ###.....     32%         4    #......
 Irradiate                Conj/Tmut      ###.......   50%         5    ####...


Dungeon Overview and Level Annotations

Branches:
Dungeon (13/15)            Temple (1/1) D:5            Lair (1/6) D:8
    Orc: D:9-12      Vaults: D:13-14

Altars:
Ashenzari
Cheibriados
Dithmenos
Elyvilon
Fedhas
Gozag
Hepliaklqana
Kikubaaqudgha
Makhleb
Nemelex Xobeh
Okawaru
Qazlal
Ru
Sif Muna
Trog
Uskayaw
Vehumet
Wu Jian
Xom
Yredelemnul
Zin
The Shining One

Shops:
D:4 !([   D:5 :!%[   D:6 (   D:8 [

Annotations:
D:11 2 transporters, Steeltoe's ghost, journeyman FoFi Gauntlet 8 transporters


Innate Abilities, Weirdness & Mutations

You are very small and have problems with some larger weapons.
You are too small for most types of armour.
You have supernaturally acute eyesight. (SInv)
You are a herbivore.
You cover ground extremely quickly.
You need to consume almost no food.


Message History

The minotaur resists with almost no effort.
The minotaur throws a javelin.
The javelin completely misses you.
Press: ? - help, v - describe, . - travel
Here: a minotaur, wielding a +1 hand axe of venom and wearing a +2 plate armour of cold resistance (black smoke, umbra)
The floor.
Casting: Tukima's Dance (safe; 1% risk of failure)
Confirm with . or Enter, or press ? or * to list all spells.
Aiming: Confuse (safe; 1% risk of failure)
Press: ? - help, Shift-Dir - straight line, f/p - minotaur
Aim: a minotaur, wielding a +1 hand axe of venom and wearing a +2 plate armour of cold resistance (black smoke, umbra, chance to defeat MR: 11%)
The minotaur resists with almost no effort.
Casting: Confuse (safe; 1% risk of failure)
Confirm with . or Enter, or press ? or * to list all spells.
Aiming: Tukima's Dance (safe; 1% risk of failure)
Press: ? - help, Shift-Dir - straight line, f/p - minotaur
Aim: a minotaur, wielding a +1 hand axe of venom and wearing a +2 plate armour of cold resistance (black smoke, umbra, chance to defeat MR: 18%)
The minotaur resists with almost no effort.
The minotaur hits you with a +1 hand axe of venom!!
Ouch! That really hurt!
You die...

##+### #.⌠.. #...⌠ +⌠.. ..∩ #§#
#######H####### #....§§§@§§...#
#.###.###§###.# #........§§...#
###.###.###.## ##.###.###.###
#.............# ##...©.©.©...##
###########..8.8.8..#############
#§#≈#≈#≈####.......####≈#≈#≈#≈#≈#


You could see a minotaur.

Vanquished Creatures
  Erica (D:11)
  A two-headed ogre (D:9)
  A glowing orange brain (Gauntlet)
  Pikel (D:8)
  4 ugly things
  An apocalypse crab (Gauntlet)
  Psyche (D:10)
  2 trolls
  2 hippogriffs
  A slime creature (D:11)
  Sigmund (D:2)
  A spriggan (shapeshifter) (D:10)
  19 yaks
  3 hungry ghosts
  Menkaure (D:7)
  4 porcupines
  An ice beast (D:11)
  5 orc warriors
  A black bear (D:10)
  3 sky beasts
  6 ogres
  2 centaurs
  5 crocodiles
  Blork the orc (D:6)
  12 big kobolds
  5 bullfrogs
  6 scorpions
  12 killer bees
  A centaur zombie (D:11)
  4 howler monkeys
  6 crimson imps
  A bullfrog zombie (D:9)
  3 bullfrog skeletons
  2 orc priests
  2 hounds (D:6)
  9 jellies
  Crazy Yiuf (D:6)
  4 iguanas
  6 worker ants
  12 orc wizards
  A hound zombie (D:10)
  2 hound skeletons (D:9)
  A howler monkey zombie (D:5)
  2 worker ant zombies
  Robin (D:2)
  18 adders
  2 shadow imps
  12 oozes
  3 adder skeletons
  7 worms
  3 dart slugs
  5 leopard geckos
  44 orcs
  3 ball pythons
  5 giant cockroaches
  6 goblins
  10 hobgoblins
  11 jackals
  13 kobolds
  7 quokkas
  7 bats
  2 frilled lizards (D:1)
  A leopard gecko skeleton (D:4)
  12 rats
332 creatures vanquished.

Vanquished Creatures (others)
  A porcupine (D:8)
  4 slaves (D:8)
  A phantom (D:8)
  A crimson imp (D:8)
  A bush (D:8)
  A fungus (D:8)
  13 plants (D:8)
22 creatures vanquished.

Grand Total: 354 creatures vanquished

Notes
Turn   | Place    | Note
-------+----------+-------------------------------------------
     0 | D:1      | prey the Spriggan Enchanter began the quest for the Orb.
     0 | D:1      | Reached XP level 1. HP: 9/9 MP: 5/5
    74 | D:1      | Reached skill level 5 in Stealth
   158 | D:1      | Reached XP level 2. HP: 7/13 MP: 6/6
   823 | D:2      | Reached skill level 6 in Stealth
   824 | D:2      | Noticed Robin
  1376 | D:2      | Reached XP level 3. HP: 16/16 MP: 8/8
  1690 | D:2      | Noticed Sigmund
  1707 | D:2      | Killed Sigmund
  1707 | D:2      | Reached skill level 7 in Stealth
  1707 | D:2      | Reached XP level 4. HP: 9/21 MP: 9/9
  1707 | D:2      | Reached XP level 5. HP: 10/24 MP: 10/10
  2421 | D:2      | Killed Robin
  3271 | D:3      | Reached XP level 6. HP: 24/29 MP: 11/11
  4910 | D:4      | Reached skill level 1 in Fighting
  4910 | D:4      | Reached skill level 8 in Stealth
  5048 | D:4      | Got an encrusted quarterstaff
  5050 | D:4      | Identified the cursed +1 quarterstaff of the Sage {drain,
                  | rPois} (You found it on level 4 of the Dungeon)
  5122 | D:4      | Reached skill level 5 in Dodging
  5156 | D:4      | Found a basalt altar of Yredelemnul.
  5158 | D:4      | Found a snail-covered altar of Cheibriados.
  5161 | D:4      | Found a blossoming altar of Fedhas.
  5162 | D:4      | Found an iron altar of Okawaru.
  5162 | D:4      | Found a bloodstained altar of Trog.
  5162 | D:4      | Found a sacrificial altar of Ru.
  5163 | D:4      | Found a hazy altar of Hepliaklqana.
  5163 | D:4      | Found a deep blue altar of Sif Muna.
  5164 | D:4      | Found a glowing silver altar of Zin.
  5167 | D:4      | Found a glowing golden altar of the Shining One.
  5341 | D:4      | Found Dal Gukh's Distillery.
  5359 | D:4      | Found Qunnudam's Antique Weapon Emporium.
  5504 | D:4      | Found Zues's Armour Shoppe.
  5522 | D:4      | Reached XP level 7. HP: 33/33 MP: 14/14
  5628 | D:5      | Entered Level 5 of the Dungeon
  5723 | D:5      | Found a staircase to the Ecumenical Temple.
  5728 | Temple   | Entered the Ecumenical Temple
  5735 | Temple   | Became a worshipper of Dithmenos the Shadowed
  5997 | D:5      | Reached skill level 5 in Spellcasting
  6330 | D:5      | Found Fafewn's Antique Armour Emporium.
  6332 | D:5      | Found Xisi's Food Emporium.
  6332 | D:5      | Found Zaac's Distillery.
  6337 | D:5      | Found Vahypij's Book Emporium.
  6377 | D:5      | Bought a faintly glowing robe for 136 gold pieces
  6387 | D:5      | Identified the +1 robe of Jeugekhla {rN+} (You bought it in
                  | a shop on level 5 of the Dungeon)
  6417 | D:5      | Found a glowing drain.
  6424 | Sewer    | Entered a sewer
  6467 | Sewer    | Reached skill level 5 in Hexes
  6585 | Sewer    | Reached XP level 8. HP: 24/37 MP: 16/18
  7032 | Sewer    | Reached * piety under Dithmenos
  7396 | Sewer    | Learned a level 2 spell: Ensorcelled Hibernation
  7400 | Sewer    | Learned a level 3 spell: Dazzling Spray
  8209 | D:6      | Reached skill level 1 in Ice Magic
  8357 | D:6      | Reached skill level 9 in Stealth
  8357 | D:6      | Reached skill level 1 in Conjurations
  8357 | D:6      | Reached XP level 9. HP: 41/41 MP: 22/22
  8854 | D:6      | Found Ziremedu's Antique Weapon Shop.
  8866 | D:6      | Reached ** piety under Dithmenos
  9353 | D:6      | Noticed Blork the orc
  9360 | D:6      | Killed Blork the orc
  9405 | D:6      | Found a runed translucent door.
  9406 | D:6      | Noticed Crazy Yiuf
  9421 | D:6      | Killed Crazy Yiuf
  9702 | D:5      | Bought a glowing hat for 168 gold pieces
 10505 | D:7      | Reached skill level 10 in Stealth
 11046 | D:7      | Noticed Menkaure
 11060 | D:7      | HP: 1/41 [Menkaure (8)]
 11493 | D:8      | Noticed Pikel
 11541 | D:8      | Killed Pikel
 11606 | D:7      | Reached skill level 11 in Stealth
 12255 | D:8      | Found a staircase to the Lair.
 12442 | D:7      | Reached XP level 10. HP: 43/46 MP: 23/23
 12728 | D:7      | Reached skill level 1 in Evocations
 13142 | D:8      | Reached skill level 12 in Stealth
 13988 | D:8      | Reached *** piety under Dithmenos
 14382 | D:8      | Found Sast's Antique Armour Boutique.
 14387 | D:8      | Reached skill level 10 in Dodging
 14503 | D:8      | Got a crystal whip
 14871 | D:9      | Reached skill level 13 in Stealth
 15164 | D:9      | Reached skill level 5 in Slings
 15741 | D:10     | Entered Level 10 of the Dungeon
 15832 | D:9      | Noticed a two-headed ogre
 16340 | D:9      | HP: 2/46 [killer bee (10)]
 16569 | D:10     | Noticed Psyche
 16579 | D:10     | Killed Psyche
 16579 | D:10     | Reached XP level 11. HP: 37/50 MP: 25/25
 16967 | D:9      | Killed a two-headed ogre
 16967 | D:9      | Reached skill level 14 in Stealth
 16967 | D:9      | Reached skill level 10 in Spellcasting
 16974 | D:9      | Learned a level 3 spell: Confuse
 16978 | D:9      | Learned a level 3 spell: Tukima's Dance
 17214 | D:10     | Reached **** piety under Dithmenos
 17261 | D:10     | Reached skill level 5 in Evocations
 17942 | D:11     | Noticed a purple ugly thing
 17948 | D:11     | Killed a purple ugly thing
 18022 | D:11     | Noticed a cyan ugly thing
 18024 | D:11     | Killed a cyan ugly thing
 18036 | D:11     | Noticed a purple ugly thing
 18048 | D:11     | Killed a purple ugly thing
 18343 | D:11     | Reached ***** piety under Dithmenos
 18884 | D:11     | Found a sparkling altar of Nemelex Xobeh.
 18916 | D:11     | Noticed Erica
 18920 | D:11     | Killed Erica
 18958 | D:11     | Noticed Steeltoe's ghost (journeyman FoFi)
 18959 | D:11     | Found a transporter.
 18959 | D:11     | Found a transporter.
 18959 | D:11     | Identified the +2 dire flail "Viufun" {venom, Str+7}
 18959 | D:11     | Noticed a two-headed ogre
 18967 | D:11     | Noticed a two-headed ogre
 19191 | D:7      | Killed Menkaure
 19239 | Lair:1   | Entered Level 1 of the Lair of Beasts
 19319 | Lair:1   | Found a gate leading to a gauntlet.
 19329 | Lair:1   | Reached skill level 5 in Short Blades
 19329 | Lair:1   | Reached XP level 12. HP: 54/54 MP: 28/28
 19334 | Gauntlet | Entered a Gauntlet
 19334 | Gauntlet | Found a transporter.
 19337 | Gauntlet | Found a transporter.
 19349 | Gauntlet | Found a transporter.
 19351 | Gauntlet | Noticed a blizzard demon
 19352 | Gauntlet | Found a transporter.
 19378 | Gauntlet | Found a transporter.
 19381 | Gauntlet | Found a transporter.
 19391 | Gauntlet | Found a transporter.
 19411 | Gauntlet | Found a transporter.
 19424 | Gauntlet | Found a transporter.
 19425 | Gauntlet | Found a transporter.
 19428 | Gauntlet | Found a transporter.
 19429 | Gauntlet | Found a transporter.
 19446 | Gauntlet | Noticed a satyr
 19446 | Gauntlet | a slime creature changed into a satyr
 19589 | Gauntlet | Reached skill level 15 in Stealth
 19636 | Gauntlet | Reached skill level 10 in Hexes
 19801 | Gauntlet | Identified the Almanac of Gliding Shape Shifting
 19820 | Gauntlet | Noticed a minotaur
 19828 | Gauntlet | Slain by a minotaur

Skill      XL: |  1  2  3  4  5  6  7  8  9 10 11 12 |
---------------+-------------------------------------+-----
Stealth        | 5 6 7 8 9 11 13 14 15 | 15.1
Short Blades   | 2 3 5 |  5.5
Slings         | 2 3 5 6 |  6.0
Dodging        | 4 5 6 8 9 10 12 13 | 13.0
Spellcasting   | 3 4 6 8 9 11 | 11.7
Fighting       | 1 2 |  2.0
Hexes          | 4 5 6 7 9 10 | 10.0
Ice Magic      | 1 2 |  2.0
Conjurations   | 1 2 |  2.3
Evocations     | 4 5 |  5.0
Charms         | 3 |  3.0
Translocations | 3 |  3.0
Transmutations | 2 |  2.7

Action                   |  1- 3 |  4- 6 |  7- 9 | 10-12 || total
-------------------------+-------+-------+-------+-------++-------
Melee: Dagger            |    92 |   103 |       |   158 ||   353
       Quarterstaff      |       |    31 |   819 |   641 ||  1491
 Fire: Hunting sling     |     8 |    77 |       |    12 ||    97
 Cast: Corona            |       |       |     6 |    15 ||    21
       Ensorcelled Hiber |       |       |       |    26 ||    26
       Dazzling Spray    |       |       |       |    11 ||    11
       Confuse           |       |       |       |     4 ||     4
       Tukima's Dance    |       |       |       |     3 ||     3
  Use: Potion            |       |     1 |     1 |     6 ||     8
       Scroll            |       |     8 |     5 |    13 ||    26
 Stab: Sleeping          |    14 |    12 |    24 |    51 ||   101
       Distracted        |       |     2 |     1 |     4 ||     7
       Invisible         |       |       |       |     2 ||     2
       Confused          |       |       |       |     1 ||     1
  Eat: Ration            |       |       |     6 |     5 ||    11
Armor: Robe              |     5 |     9 |    71 |    58 ||   143
Dodge: Dodged            |    65 |   143 |   894 |  1008 ||  2110
